 Dungeon Crawl Stone Soup version 0.18.1-50-g88ac8fd (webtiles) character file.

329 go0n the Covert (level 6, -4/44 HPs)
             Began as a Vampire Assassin on Sept 23, 2016.
             Slain by a big kobold (5 damage)
             ... on level 3 of the Dungeon.
             The game lasted 00:10:32 (2530 turns).

go0n the Covert (Vampire Assassin)                  Turns: 2530, Time: 00:10:32

Health: -4/44      AC:  4    Str: 11    XL:     6   Next: 25%
Magic:  0/6        EV: 14    Int: 14    God:
Gold:   103        SH:  0    Dex: 16    Spells: 0 memorised, 5 levels left

rFire  x . .     SeeInvis +     k - +2 dagger (vamp)
rCold  + . .     Gourm    .     q - +0 leather armour
rNeg   . . .     Faith    .     (no shield)
rPois  .         Spirit   +     (no helmet)
rElec  .         Dismiss  .     d - +0 cloak
rCorr  .         Reflect  .     (no gloves)
SustAt .         Harm     .     (no boots)
MR     .....                    j - amulet of guardian spirit
Stlth  ++++......               n - ring of see invisible
                                i - ring of ice

@: regenerating quickly, not resistant to hostile enchantments, stealthy
A: fangs 3, see invisible, unbreathing
a: no special abilities


You were on level 3 of the Dungeon.
You were very full.

You visited 1 branch of the dungeon, and saw 3 of its levels.

You collected 103 gold pieces.

Inventory:

Hand Weapons
 a - a +2 dagger
 b - a +0 blowgun
 k - a +2 vampiric dagger (weapon)
Missiles
 e - 7 poisoned needles
Armour
 c - a +0 robe
 d - a +0 cloak (worn)
 q - a +0 leather armour (worn)
Jewellery
 i - a ring of ice (left hand)
 j - an amulet of guardian spirit (around neck)
 n - a ring of see invisible (right hand)
Scrolls
 l - a scroll of remove curse
Potions
 g - 5 potions of blood
Comestibles
 h - a bread ration


   Skills:
 + Level 2.1 Fighting
 + Level 2.4 Short Blades
 + Level 1.7 Throwing
 + Level 1.0 Armour
 * Level 4.4 Dodging
 * Level 8.7 Stealth


You had 5 spell levels left.
You didn't know any spells.

Dungeon Overview and Level Annotations

Branches:
Dungeon (3/15)

Altars:
Cheibriados
Elyvilon
Yredelemnul


Innate Abilities, Weirdness & Mutations

Your natural rate of healing is unusually fast.
You have razor-sharp teeth.
You have supernaturally acute eyesight.
You can survive without breathing.


Message History

The big kobold closely misses you. The big kobold hits you with a whip.
* * * LOW HITPOINT WARNING * * *
You barely miss the big kobold.
The big kobold is lightly wounded.
The big kobold barely misses you. x2
You hit the big kobold but do no damage.
The big kobold is lightly wounded.
The big kobold hits you.
* * * LOW HITPOINT WARNING * * *
You barely miss the big kobold. You bite the big kobold.
The big kobold is lightly wounded.
The big kobold hits you with a whip.
* * * LOW HITPOINT WARNING * * *
The big kobold hits you.
* * * LOW HITPOINT WARNING * * *
You barely miss the big kobold.
The big kobold is lightly wounded.
The big kobold hits you but does no damage.
The big kobold hits you.
You die...

######### # #K#.#
#...# #...#
###########K..###
#...S..##.K.....#
#.####.#.gg.....#
#K####(#..##.#..#
#K##..KK.....#..#
#@##..K...#.......
#K#.....K.....P...
#........#####....
###.8..... 8..
##88.8...
....8#### #....8#
..


You could see 2 big kobolds and a kobold.

Vanquished Creatures
  A big kobold (D:3)
  A centaur zombie (D:3)
  3 gnolls (D:3)
  7 adders
  2 oozes (D:2)
  2 worms (D:2)
  5 dart slugs
  A giant gecko (D:1)
  A giant cockroach (D:1)
  16 hobgoblins
  3 jackals (D:2)
  6 kobolds
  2 quokkas
  11 bats
  3 giant newts
  20 goblins
  38 rats
122 creatures vanquished.

Notes
Turn   | Place    | Note
--------------------------------------------------------------
     0 | D:1      | go0n the Vampire Assassin began the quest for the Orb.
     0 | D:1      | Reached XP level 1. HP: 16/16 MP: 1/1
    19 | D:1      | Reached skill level 6 in Stealth
   121 | D:1      | Reached XP level 2. HP: 22/22 MP: 2/2
   690 | D:1      | Found a snail-covered altar of Cheibriados.
   727 | D:1      | Reached XP level 3. HP: 27/27 MP: 3/3
   842 | D:2      | Reached skill level 7 in Stealth
  1026 | D:2      | Reached XP level 4. HP: 33/33 MP: 4/4
  1475 | D:2      | Found a white marble altar of Elyvilon.
  1521 | D:2      | Reached skill level 8 in Stealth
  1728 | D:2      | Found a basalt altar of Yredelemnul.
  1890 | D:3      | Reached XP level 5. HP: 38/38 MP: 5/5
  2504 | D:3      | Reached skill level 1 in Armour
  2504 | D:3      | Reached XP level 6. HP: 16/44 MP: 1/6
  2529 | D:3      | HP: 2/44 [big kobold/whip (2)]
  2530 | D:3      | Slain by a big kobold

Skill      XL: |  1  2  3  4  5 |
---------------+----------------+-----
Stealth        | 6 7 8 |  8.7
Dodging        | 2 3 4 |  4.4
Fighting       | 2 |  2.1
Armour         | 1 |  1.0
Short Blades   | |  2.4
Throwing       | |  1.7

Action                   |  1- 3 |  4- 6 || total
-------------------------+-------+-------++-------
Melee: Dagger            |   102 |   287 ||   389
       Bite              |    11 |    30 ||    41
 Fire: Blowgun           |     1 |       ||     1
  Use: Potion            |     4 |    11 ||    15
       Scroll            |       |     3 ||     3
 Stab: Sleeping          |    20 |    13 ||    33
Armor: Robe              |    34 |    17 ||    51
       Leather armour    |       |    41 ||    41
       Skin              |       |     4 ||     4
Dodge: Dodged            |    61 |   206 ||   267
